 Dungeon Crawl Stone Soup version 0.24.1-14-gf8d2b509d9 (webtiles) character file.

Game seed: 15386185743558007816, levelgen mode: deterministic

315 cstieg1 the Firebug (level 6, -3/34 HPs)
             Began as a Deep Elf Fire Elementalist on Feb 4, 2021.
             Killed from afar by an orc wizard (8 damage)
             ... with a magic dart
             ... on level 6 of the Dungeon.
             The game lasted 00:05:15 (2984 turns).

cstieg1 the Firebug (Deep Elf Fire Elementalist)    Turns: 2984, Time: 00:05:16

Health: -3/34      AC:  4    Str:  6    XL:     6   Next: 20%
Magic:  0/14       EV: 13    Int: 21    God:
Gold:   183        SH:  0    Dex: 15    Spells: 5/13 levels left

rFire    . . .     SeeInvis +   p - +0 great sword
rCold    . . .     Gourm    .   (shield currently unavailable)
rNeg     . . .     Faith    .   g - +0 leather armour
rPois    .         Spirit   .   (no helmet)
rElec    .         Reflect  .   (no cloak)
rCorr    .         Harm     .   n - +0 pair of gloves
MR       .....                  (no boots)
Stlth    ++........             (no amulet)
HPRegen  0.11/turn              o - ring of see invisible
MPRegen  0.14/turn              (no ring)

@: no status effects
A: no striking features
a: no special abilities


You were on level 6 of the Dungeon.
You were hungry.

You visited 1 branch of the dungeon, and saw 4 of its levels.

You collected 183 gold pieces.

Inventory:

Hand Weapons
 j - a +0 dagger
 m - a +0 falchion
 p - a +0 great sword (weapon)
Missiles
 d - 65 sling bullets
 q - a boomerang (quivered)
Armour
 a - a +0 robe
 g - a +0 leather armour (worn)
 n - a +0 pair of gloves (worn)
Jewellery
 o - a ring of see invisible (left hand)
Wands
 l - a wand of digging (6)
Scrolls
 b - 2 scrolls of identify {unknown}
 f - 2 scrolls of fog {unknown}
 i - a scroll of amnesia {unknown}
 k - a scroll of teleportation {unknown}
Potions
 e - 2 potions of curing {unknown}
Comestibles
 c - 5 rations
 h - 7 chunks of flesh


   Skills:
 + Level 1.5 Fighting
 + Level 3.6 Dodging
 - Level 2.4 Stealth
 + Level 4.2 Spellcasting
 * Level 3.7 Conjurations
 * Level 5.0 Fire Magic


You had 5 spell levels left.
You knew the following spells:

 Your Spells              Type           Power        Failure   Level  Hunger
a - Flame Tongue          Conj/Fire      ###..        3%          1    None
b - Conjure Flame         Conj/Fire      ###.....     9%          3    ###....
c - Sticky Flame          Conj/Fire      ###.....     30%         4    ####...

Your spell library contained the following spells:

 Spells                   Type           Power        Failure   Level  Hunger
 Throw Flame              Conj/Fire      ###...       4%          2    #......
 Inner Flame              Hex/Fire       ###.....     21%         3    ###....
 Fireball                 Conj/Fire      ###.......   63%         5    ######.


Dungeon Overview and Level Annotations

Branches:
Dungeon (3/15)

Altars:
Cheibriados
Gozag
Qazlal
Sif Muna


Message History

* * * LOW HITPOINT WARNING * * *
Casting: Sticky Flame (quite dangerous; 30% risk of failure)
Confirm with . or Enter, or press ? or * to list all spells.
Aiming: Flame Tongue (safe; 3% risk of failure)
Press: ? - help, Shift-Dir - straight line, f - orc wizard
Aim: an orc wizard, wielding a +0 dagger and wearing a +0 robe (fast)
The flame tongue hits the orc wizard.
The orc wizard is moderately wounded.
The orc wizard hits you with a +0 dagger.
* * * LOW HITPOINT WARNING * * *
Evoke which item? (* to show all) (? for menu, Esc to quit)
Okay, then.
Unknown command.
Okay, then.
Okay, then.
You slash the orc wizard!
The orc wizard is almost dead.
The orc wizard points at you and mumbles some strange words.
The magic dart hits you!
You die...

#........
#......o.
#........
#....oo..
#........
##.oo$....
#..$......
#o###.....
#)@.# ...
#.#.# .
#...#
#.#(#
#...#
#.#.#
#...#
#.###
###...#


You could see an orc wizard.

Vanquished Creatures
  A sky beast (D:6)
  A wight (D:6)
  An orc priest (D:6)
  2 worker ants (D:6)
  3 adders (D:3)
  An ooze (D:3)
  2 worms
  A dart slug (D:1)
  2 leopard geckos (D:1)
  7 orcs
  8 bats
  7 goblins
  9 hobgoblins
  6 jackals
  6 kobolds
  6 frilled lizards
  5 rats
68 creatures vanquished.

Notes
Turn   | Place    | Note
-------+----------+-------------------------------------------
     0 | D:1      | cstieg1 the Deep Elf Fire Elementalist began the quest for
                  | the Orb.
     0 | D:1      | Reached XP level 1. HP: 10/10 MP: 6/6
   225 | D:1      | Reached XP level 2. HP: 11/15 MP: 4/8
   879 | D:1      | Reached XP level 3. HP: 20/20 MP: 6/9
   952 | D:1      | Learned a level 3 spell: Conjure Flame
  1128 | D:2      | Found an opulent altar of Gozag.
  1241 | D:2      | Found a stormy altar of Qazlal.
  1384 | D:2      | Found a shimmering blue altar of Sif Muna.
  1799 | D:2      | HP: 1/20 [worm (12)]
  2272 | D:3      | Reached skill level 4 in Fire Magic
  2333 | D:3      | Reached XP level 4. HP: 24/24 MP: 0/11
  2570 | D:3      | Found a snail-covered altar of Cheibriados.
  2633 | D:3      | Found a faded altar of an unknown god.
  2729 | D:3      | Reached skill level 1 in Fighting
  2760 | D:3      | You fall into a shaft and drop 3 floors!
  2764 | D:6      | Reached XP level 5. HP: 29/29 MP: 4/12
  2770 | D:6      | Learned a level 4 spell: Sticky Flame
  2930 | D:6      | Noticed a sky beast
  2934 | D:6      | Killed a sky beast
  2939 | D:6      | Reached XP level 6. HP: 34/34 MP: 6/14
  2982 | D:6      | Reached skill level 5 in Fire Magic
  2984 | D:6      | Killed from afar by an orc wizard

Levels and vault maps discovered:
D:1:      eino_arrival_druids_welcome, layout_basic, skrybe_limestone_x,
          moated_statue, minmay_misc_feat_encased,
          chequers_serial_rivers_large_a
D:2:      layout_basic, lemuel_blue_sif_altar, grunt_gozag_breadcrumbs,
          lemuel_doored_altar
D:3:      minmay_wonky_spiral, layout_rooms, lemuel_coloured_pillars_altar,
          chequers_ecumenical_altar_simple, kennysheep_generic_room_12
D:6:      cheibrodos_two_vegetables, layout_basic,
          ashenzari_conservatory_becter, hangedman_minor_gate_pass

Skill      XL: |  1  2  3  4  5  6 |
---------------+-------------------+-----
Conjurations   | 2 3 |  3.7
Fire Magic     | 4 5 |  5.0
Dodging        | 3 |  3.6
Fighting       | 1 |  1.5
Spellcasting   | 4 |  4.2
Stealth        | |  2.4

Action                   |  1- 3 |  4- 6 || total
-------------------------+-------+-------++-------
Melee: Unarmed           |     6 |       ||     6
       Great sword       |       |     1 ||     1
 Cast: Flame Tongue      |    79 |    56 ||   135
       Conjure Flame     |     1 |       ||     1
       Sticky Flame      |       |     2 ||     2
  Eat: Chunk             |     4 |     2 ||     6
Armor: Robe              |     4 |     4 ||     8
Dodge: Dodged            |    22 |    18 ||    40
       Rpst.: Great sword |       |     4 ||     4
